 Dungeon Crawl Stone Soup version 0.26.1-11-gd32895ea62 (webtiles) character file.

Game seed: 11207130334282863331

36738 Crownlay the Frost Mage (level 13, -23/99 HPs)
             Began as a Gnoll Ice Elementalist on July 17, 2021.
             Was a High Priest of Uskayaw.
             Killed from afar by an ogre mage (35 damage)
             ... with a bolt of cold
             ... in a volcano.
             The game lasted 01:05:59 (15303 turns).

Crownlay the Frost Mage (Gnoll Ice Elementalist)   Turns: 15303, Time: 01:06:00

Health: -23/99     AC: 19    Str: 10    XL:     13   Next: 92%
Magic:  16/27      EV: 18    Int: 22    God:    Uskayaw [*****.]
Gold:   1032       SH: 11    Dex: 17    Spells: 21/32 levels left

rFire    . . .     SeeInvis +   P - +5 demon trident (venom)
rCold    . . .     Faith    .   s - +0 kite shield
rNeg     . . .     Spirit   .   (no armour)
rPois    .         Reflect  .   I - +1 hat {SInv}
rElec    .         Harm     .   C - +0 cloak
rCorr    .         Rampage  .   x - +1 pair of gloves
Will     +....                  c - +0 pair of boots
Stlth    ++++......             F - amulet of regeneration
HPRegen  0.66/turn              S - +4 ring of protection
MPRegen  0.20/turn              H - ring of willpower

@: icy armour, frozen ramparts
A: distributed training, fangs 1, strong nose
a: Renounce Religion, Stomp, Line Pass, Grand Finale


You were in a volcano.
You worshipped Uskayaw.
Uskayaw was aware of your devotion.
You visited 3 branches of the dungeon, and saw 16 of its levels.
You also visited: Sewer and Volcano.

You collected 1032 gold pieces.

Inventory:

Hand Weapons
 P - a +5 demon trident of venom (weapon)
 W - the +8 whip "Snakebite" {curare, rPois}
   (You found it on level 1 of the Lair of Beasts)

   It poisons the flesh of those it strikes.
   It protects you from poison.
Missiles
 b - 4 boomerangs (quivered)
 r - 48 poisoned darts
 z - 6 boomerangs of dispersal
 L - 2 throwing nets
 Y - 8 atropa-tipped darts
Armour
 c - a +0 pair of boots (worn)
 i - +2 steam dragon scales
 s - a +0 kite shield (worn)
 x - a +1 pair of gloves (worn)
 C - a +0 cloak (worn)
 I - a +1 hat of see invisible (worn)
 R - the +10 plate armour of the Stone Wall {rC++ Int+3 Slay-3 SInv}
   (You found it on level 11 of the Dungeon)

   It affects your intelligence (+3).
   It affects your accuracy and damage with ranged weapons and melee attacks
   (-3).
   It greatly protects you from cold.
   It lets you see invisible.
Magical Staves
 e - an uncursed staff of cold
Jewellery
 a - an uncursed amulet of the acrobat
 v - an uncursed ring of positive energy
 y - a +4 ring of evasion
 F - an amulet of regeneration (around neck)
 H - a ring of willpower (right hand)
 K - an uncursed ring of magical power
 O - an uncursed ring of protection from cold
 S - a +4 ring of protection (left hand)
 U - a +4 ring of evasion
Wands
 j - a wand of random effects (43)
 q - a wand of enslavement (17)
 D - a wand of digging (2)
 J - a wand of flame (31)
 M - a wand of acid (13)
 N - a wand of paralysis (19)
Scrolls
 f - 2 scrolls of amnesia
 h - 9 scrolls of remove curse
 m - 3 scrolls of fear
 n - a scroll of teleportation
 o - a scroll of fog
 p - 2 scrolls of random uselessness
 B - a scroll of magic mapping
 G - a scroll of summoning
 T - 2 scrolls of blinking
 V - a scroll of vulnerability
Potions
 d - 5 potions of might
 g - 4 potions of curing
 k - a potion of haste
 l - 2 potions of invisibility
 t - 3 potions of attraction
 u - 3 potions of mutation
 w - 4 potions of flight
 A - 3 potions of heal wounds
 E - a potion of ambrosia
 Q - 2 potions of lignification
 X - 2 potions of degeneration


   Skills:
 + Level 8.7 Fighting
 + Level 8.7 Short Blades
 + Level 8.7 Long Blades
 + Level 8.7 Axes
 + Level 8.7 Maces & Flails
 + Level 8.7 Polearms
 + Level 8.7 Staves
 + Level 8.7 Slings
 + Level 8.7 Bows
 + Level 8.7 Crossbows
 + Level 8.7 Throwing
 + Level 8.7 Armour
 + Level 9.8 Dodging
 + Level 9.7 Stealth
 + Level 8.7 Shields
 + Level 8.7 Unarmed Combat
 + Level 10.0 Spellcasting
 + Level 7.2 Conjurations
 + Level 7.2 Hexes
 + Level 7.2 Summonings
 + Level 7.2 Necromancy
 + Level 7.2 Translocations
 + Level 7.2 Transmutations
 + Level 7.2 Fire Magic
 + Level 10.2 Ice Magic
 + Level 7.2 Air Magic
 + Level 7.2 Earth Magic
 + Level 7.2 Poison Magic
 + Level 9.5 Invocations
 + Level 8.7 Evocations


You had 21 spell levels left.
You knew the following spells:

 Your Spells              Type           Power        Failure   Level
a - Freeze                Ice            100%         1%          1
b - Frozen Ramparts       Ice            100%         1%          3
c - Ozocubu's Armour      Ice            54%          1%          3
d - Summon Ice Beast      Ice/Summ       49%          3%          4

Your spell library contained the following spells:

 Spells                   Type           Power        Failure   Level
 Magic Dart               Conj           100%         1%          1
 Sting                    Tmut/Pois      100%         1%          1
 Poisonous Vapours        Pois/Air       86%          1%          2
 Searing Ray              Conj           86%          1%          2
 Dazzling Flash           Conj/Hex       86%          1%          3
 Ignite Poison            Fire/Tmut/Pois 43%          1%          3
 Mephitic Cloud           Conj/Pois/Air  43%          1%          3
 Hailstorm                Conj/Ice       49%          3%          4
 Fulminant Prism          Conj/Hex       21%          7%          4
 Iskenderun's Mystic Bla  Conj/Tloc      43%          7%          4
 Olgreb's Toxic Radiance  Pois           43%          7%          4
 Malign Gateway           Summ/Tloc      21%          99%         7
 Monstrous Menagerie      Summ           21%          99%         7
 Summon Greater Demon     Summ           21%          99%         7
 Summon Horrible Things   Summ           21%          100%        8


Dungeon Overview and Level Annotations

Branches:
Dungeon (12/15)            Temple (1/1) D:5            Lair (3/6) D:10
  Snake (0/4) Lair:2          Orc (0/2) D:9           Sewer (visited)
Volcano (1/1)
  Swamp: Lair:2-4    Shoals: Lair:2-4

Altars:
Ashenzari
Cheibriados
Dithmenos
Elyvilon
Fedhas
Gozag
Hepliaklqana
Kikubaaqudgha
Makhleb
Nemelex Xobeh
Okawaru
Qazlal
Ru
Sif Muna
Trog
Uskayaw
Vehumet
Wu Jian
Xom
Yredelemnul
Zin
The Shining One

Shops:
D:10 *   D:12 (

Annotations:
D:12 2 transporters, exclusion: ice statue, Barghyar's ghost, journeyman MiFi


Innate Abilities, Weirdness & Mutations

Your experience applies equally to all skills.
You have very sharp teeth.
Your uncanny sense of smell can sniff out nearby items.


Message History

You feel much better.
You hit the two-headed ogre.
The two-headed ogre is poisoned.
The two-headed ogre is heavily wounded.
The wall freezes the two-headed ogre!
The two-headed ogre closely misses you.
The two-headed ogre hits you but does no damage.
The wall freezes the ogre mage!
The ogre mage casts a spell.
The ogre mage blinks!
You puncture the two-headed ogre!
The two-headed ogre looks as sick as possible!
The two-headed ogre is almost dead.
The wall freezes the two-headed ogre.
The two-headed ogre hits you with a +0 giant club of flaming!
* * * LOW HITPOINT WARNING * * *
The two-headed ogre burns you.
* * * LOW HITPOINT WARNING * * *
You block the two-headed ogre's attack.
The wall freezes the ogre mage.
The ogre mage points at you and mumbles some strange words.
The bolt of cold hits you!!
You die...

§.≈≈§≈§○○○°§≈≈§§§≈§.#
....≈§§○○≈≈≈§§≈≈≈≈≈§#
#....≈≈≈§§§§§§§≈§§§§#
###.§≈≈≈§≈§§§§≈≈≈..##
##..≈≈≈§§§§§≈....#
##..§≈§§≈≈......#
#...§≈≈§...O..##
##...≈≈..##...#
##.....###8@8#
##...## ##O## ##..#
#.# #### #§# ∆ .). ∆
..∩.. O.###.. ..# ∆
#.. ..# ∆∆∆ #..


You could see a two-headed ogre (extremely poisoned) and an ogre mage.

Vanquished Creatures
  Gastronok (D:9)
  A red draconian (Volcano)
  Harold (D:9)
  Erolcha (D:9)
  6 hydras
  3 centaur warriors
  Erica (D:9)
  5 two-headed ogres
  Urug (D:11)
  Pikel (D:5)
  A manticore (D:11)
  2 ugly things
  A cyclops (D:11)
  3 black mambas (Lair:1)
  6 cane toads
  2 komodo dragons
  Maggie (D:6)
  A rime drake (Lair:1)
  2 trolls
  Grinder (D:6)
  Prince Ribbit (D:6)
  2 hornets
  Sigmund (D:3)
  A shadow (D:12)
  2 basilisks
  Eustachio (D:5)
  6 fire bats (Volcano)
  19 yaks
  2 wyverns
  Grum (D:10)
  2 steam dragons
  A vampire mosquito (D:11)
  Edmund (D:5)
  9 water moccasins
  2 acid dragons
  2 nagas (Lair:2)
  Purgy (Sewer)
  2 sky beasts
  2 black bears
  13 orc warriors
  2 ice beasts
  5 necrophages
  A phantom (D:5)
  7 ogres
  6 wolves
  An eye of draining (D:9)
  A lemure (D:5)
  7 centaurs
  4 big kobolds
  12 bullfrogs
  2 gnoll sergeants (D:9)
  A water moccasin zombie (D:8)
  6 scorpions
  19 killer bees
  8 wights (D:11)
  A bullfrog zombie (D:7)
  A howler monkey (D:5)
  7 lava snakes (Volcano)
  4 jellies
  3 centaur zombies (D:11)
  4 hounds
  2 quasits
  5 centaur skeletons
  5 orc priests
  An iron imp (D:7)
  Ijyb (D:3)
  8 orc wizards
  4 iguanas
  9 worker ants
  A hound skeleton (D:7)
  3 hound zombies
  A mummy (D:11)
  A howler monkey zombie (D:5)
  A worker ant zombie (D:5)
  13 gnolls
  19 adders
  A shadow imp (D:8)
  4 white imps
  2 ufetubi
  An ooze (D:2)
  An adder skeleton (D:6)
  5 dart slugs
  5 leopard geckos
  37 orcs
  2 ball pythons
  6 bats
  7 giant cockroaches
  4 goblins
  6 hobgoblins
  3 jackals (D:1)
  16 kobolds
  4 quokkas
  2 frilled lizards (D:1)
  A leopard gecko skeleton (D:7)
  9 rats
404 creatures vanquished.

Vanquished Creatures (others)
  An unseen horror (D:11)
  5 dream sheep (D:6)
  3 fungi (Lair:2)
  3 plants (Lair:2)
  6 withered plants (D:11)
18 creatures vanquished.

Grand Total: 422 creatures vanquished

Notes
Turn   | Place    | Note
-------+----------+-------------------------------------------
     0 | D:1      | Crownlay the Gnoll Ice Elementalist began the quest for the
                  | Orb.
     0 | D:1      | Reached XP level 1. HP: 13/13 MP: 6/6
   121 | D:1      | Reached XP level 2. HP: 19/19 MP: 4/7
  1072 | D:2      | Reached XP level 3. HP: 25/25 MP: 9/9
  1079 | D:2      | Reached skill level 5 in Spellcasting
  1085 | D:2      | Reached skill level 1 in Fighting
  1085 | D:2      | Reached skill level 1 in Short Blades
  1085 | D:2      | Reached skill level 1 in Long Blades
  1085 | D:2      | Reached skill level 1 in Axes
  1085 | D:2      | Reached skill level 1 in Maces & Flails
  1085 | D:2      | Reached skill level 1 in Polearms
  1085 | D:2      | Reached skill level 1 in Staves
  1085 | D:2      | Reached skill level 1 in Slings
  1085 | D:2      | Reached skill level 1 in Bows
  1085 | D:2      | Reached skill level 1 in Crossbows
  1085 | D:2      | Reached skill level 1 in Throwing
  1085 | D:2      | Reached skill level 1 in Armour
  1085 | D:2      | Reached skill level 1 in Shields
  1085 | D:2      | Reached skill level 1 in Unarmed Combat
  1085 | D:2      | Reached skill level 1 in Invocations
  1085 | D:2      | Reached skill level 1 in Evocations
  1095 | D:2      | Learned a level 3 spell: Frozen Ramparts
  1099 | D:2      | Learned a level 3 spell: Ozocubu's Armour
  1312 | D:2      | Reached XP level 4. HP: 32/32 MP: 9/11
  1375 | D:2      | Learned a level 4 spell: Summon Ice Beast
  1737 | D:2      | Reached skill level 1 in Conjurations
  1737 | D:2      | Reached skill level 1 in Hexes
  1737 | D:2      | Reached skill level 1 in Summonings
  1737 | D:2      | Reached skill level 1 in Necromancy
  1737 | D:2      | Reached skill level 1 in Translocations
  1737 | D:2      | Reached skill level 1 in Transmutations
  1737 | D:2      | Reached skill level 1 in Fire Magic
  1737 | D:2      | Reached skill level 1 in Air Magic
  1737 | D:2      | Reached skill level 1 in Earth Magic
  1737 | D:2      | Reached skill level 1 in Poison Magic
  2137 | D:3      | Reached XP level 5. HP: 37/37 MP: 8/12
  2463 | D:3      | Noticed Sigmund
  2473 | D:3      | Killed Sigmund
  2473 | D:3      | Noticed Ijyb
  2474 | D:3      | Reached skill level 5 in Dodging
  2474 | D:3      | Reached XP level 6. HP: 39/44 MP: 10/14
  2479 | D:3      | Killed Ijyb
  3084 | D:4      | Found a glowing drain.
  3101 | Sewer    | Entered a sewer
  3145 | Sewer    | Noticed Purgy
  3149 | Sewer    | Killed Purgy
  3150 | Sewer    | Reached XP level 7. HP: 27/51 MP: 15/15
  4299 | D:5      | Entered Level 5 of the Dungeon
  4301 | D:5      | Noticed Edmund
  4311 | D:5      | Killed Edmund
  4312 | D:5      | Reached skill level 5 in Stealth
  4420 | D:5      | Reached XP level 8. HP: 40/57 MP: 3/16
  4627 | D:5      | Found a bloodstained altar of Trog.
  4737 | D:5      | Found a stormy altar of Qazlal.
  4808 | D:5      | Found a staircase to the Ecumenical Temple.
  5008 | D:5      | Noticed Pikel
  5017 | D:5      | Killed Pikel
  5100 | D:5      | Noticed Eustachio
  5110 | D:5      | Killed Eustachio
  5111 | D:5      | Reached XP level 9. HP: 65/65 MP: 12/18
  5189 | Temple   | Entered the Ecumenical Temple
  5656 | D:6      | Noticed Prince Ribbit
  5656 | D:6      | Noticed Maggie
  5667 | D:6      | Killed Maggie
  5669 | D:6      | Killed Prince Ribbit
  6069 | D:6      | Noticed Grinder
  6074 | D:6      | Paralysed by Grinder for 5 turns
  6088 | D:6      | Killed Grinder
  6255 | D:6      | Reached skill level 5 in Invocations
  6335 | D:6      | Found a shimmering altar of Xom.
  6795 | D:7      | Found a glowing golden altar of the Shining One.
  6833 | D:7      | Reached XP level 10. HP: 73/73 MP: 12/20
  7020 | D:7      | Found a hazy altar of Hepliaklqana.
  7026 | D:7      | Found a radiant altar of Vehumet.
  7026 | D:7      | Found a broken altar of Ashenzari.
  7036 | D:7      | Found a glowing golden altar of the Shining One.
  7039 | D:7      | Found a hide-covered altar of Uskayaw.
  7046 | D:7      | Became a worshipper of Uskayaw the Reveller
  7157 | D:7      | Found a snail-covered altar of Cheibriados.
  7169 | D:7      | Reached * piety under Uskayaw
  7273 | D:8      | Reached ** piety under Uskayaw
  7428 | D:8      | Reached skill level 5 in Fighting
  7428 | D:8      | Reached skill level 5 in Short Blades
  7428 | D:8      | Reached skill level 5 in Long Blades
  7428 | D:8      | Reached skill level 5 in Axes
  7428 | D:8      | Reached skill level 5 in Maces & Flails
  7428 | D:8      | Reached skill level 5 in Polearms
  7428 | D:8      | Reached skill level 5 in Staves
  7428 | D:8      | Reached skill level 5 in Slings
  7428 | D:8      | Reached skill level 5 in Bows
  7428 | D:8      | Reached skill level 5 in Crossbows
  7428 | D:8      | Reached skill level 5 in Throwing
  7428 | D:8      | Reached skill level 5 in Armour
  7428 | D:8      | Reached skill level 5 in Shields
  7428 | D:8      | Reached skill level 5 in Unarmed Combat
  7428 | D:8      | Reached skill level 5 in Evocations
  7593 | D:8      | Found a sacrificial altar of Ru.
  7757 | D:8      | Found a glowing silver altar of Zin.
  7786 | D:9      | Found a shimmering blue altar of Sif Muna.
  7793 | D:9      | Noticed Gastronok
  8040 | D:9      | Killed Gastronok
  8151 | D:9      | Noticed Erolcha
  8185 | D:9      | Reached *** piety under Uskayaw
  8186 | D:9      | Killed Erolcha
  8381 | D:9      | Noticed Harold
  8398 | D:9      | Killed Harold
  8418 | D:9      | Reached XP level 11. HP: 69/81 MP: 22/22
  8433 | D:9      | Noticed a centaur warrior
  8437 | D:9      | Reached **** piety under Uskayaw
  8440 | D:9      | Reached ***** piety under Uskayaw
  8441 | D:9      | Killed a centaur warrior
  8442 | D:9      | Reached skill level 5 in Conjurations
  8442 | D:9      | Reached skill level 5 in Hexes
  8442 | D:9      | Reached skill level 5 in Summonings
  8442 | D:9      | Reached skill level 5 in Necromancy
  8442 | D:9      | Reached skill level 5 in Translocations
  8442 | D:9      | Reached skill level 5 in Transmutations
  8442 | D:9      | Reached skill level 5 in Fire Magic
  8442 | D:9      | Reached skill level 5 in Air Magic
  8442 | D:9      | Reached skill level 5 in Earth Magic
  8442 | D:9      | Reached skill level 5 in Poison Magic
  8447 | D:9      | Reached ****** piety under Uskayaw
  8769 | D:9      | Found an ornate altar of the Wu Jian Council.
  8860 | D:9      | Noticed Erica
  8877 | D:9      | Killed Erica
  8977 | D:9      | Found a staircase to the Orcish Mines.
  9081 | D:10     | Entered Level 10 of the Dungeon
  9458 | D:10     | Found Xutsai's General Store.
  9474 | D:10     | Noticed a two-headed ogre
  9480 | D:10     | Killed a two-headed ogre
  9645 | D:10     | Found a staircase to the Lair.
  9872 | D:10     | Noticed Grum
  9879 | D:10     | Killed Grum
 10262 | D:11     | Reached XP level 12. HP: 89/89 MP: 24/24
 10586 | D:11     | Noticed Urug
 10683 | D:11     | Killed Urug
 11137 | D:11     | Noticed a centaur warrior
 11148 | D:11     | Killed a centaur warrior
 11215 | D:11     | Noticed a centaur warrior
 11222 | D:11     | Killed a centaur warrior
 11237 | D:11     | Got a faintly glowing plate armour
 11315 | D:11     | Found a basalt altar of Yredelemnul.
 11751 | D:12     | Found Dalixti's Weapon Shop.
 12056 | D:12     | Found a transporter.
 12076 | D:12     | Found a transporter.
 12076 | D:12     | Noticed Barghyar's ghost (journeyman MiFi)
 12104 | D:12     | Noticed an ogre mage
 12536 | Lair:1   | Entered Level 1 of the Lair of Beasts
 12663 | Lair:1   | Reached XP level 13. HP: 98/98 MP: 26/26
 13180 | Lair:1   | Found the +8 whip "Snakebite" {curare, rPois}
 13727 | Lair:1   | Got an ichor-stained ring mail
 13738 | Lair:1   | Identified the +2 ring mail of the Special Youths {Harm
                  | Str+4} (You found it on level 1 of the Lair of Beasts)
 13747 | Lair:1   | Identified the +10 plate armour of the Stone Wall {rC++
                  | Int+3 Slay-3 SInv} (You found it on level 11 of the
                  | Dungeon)
 14231 | Lair:2   | Reached skill level 10 in Ice Magic
 14680 | Lair:2   | Found a staircase to the Snake Pit.
 15098 | Lair:3   | Found a dark tunnel.
 15108 | Volcano  | Entered a volcano
 15280 | Volcano  | Noticed a red draconian
 15285 | Volcano  | Reached skill level 10 in Spellcasting
 15294 | Volcano  | Killed a red draconian
 15303 | Volcano  | Killed from afar by an ogre mage

Illustrated notes

Levels and vault maps discovered:
D:1:      elethiomel_arrival_infinity_welcomes_careful_drivers, layout_basic
D:2:      layout_loops_ring
D:3:      layout_rooms, uniq_sigmund, uniq_ijyb
D:4:      layout_basic, portal_sewer_entry_a
D:5:      layout_cave_pools, kennysheep_mini_moat, minmay_temple_entry_ruins,
          roderic_filled_cross, grunt_qazlal_clouds, uniq_pikel, uniq_edmund,
          uniq_eustachio
D:6:      layout_loops_ring, kb_xom_exploding_sheep, uniq_maggie,
          uniq_prince_ribbit1, uniq_grinder
D:7:      layout_cave_pools, slow_altar_2, minmay_overflow_temple_star_hex,
          nicolae_tso_carved_into_rock
D:8:      layout_cave_pools, zin_scriptorium, david_defended_altar_elf
D:9:      layout_basic, lemuel_round_altar, nicolae_overflow_hidden_temple,
          kennysheep_orc_monster_closet_entryway, uniq_gastronok, uniq_harold,
          uniq_erolcha, uniq_erica
D:10:     layout_stronghold, lair_entry_dummy, serial_shops, shop, uniq_grum
D:11:     minmay_the_grid_square_5x5_3x3 [minmay_the_grid_square_5x5_bridge,
          minmay_the_grid_square_5x5_minibox, minmay_the_grid_square_5x5_corner,
          minmay_the_grid_square_5x5_shrine1,
          minmay_the_grid_square_5x5_megaprize_diamond,
          minmay_the_grid_square_5x5_meh, minmay_the_grid_square_5x5_inner_v,
          minmay_the_grid_square_5x5_lines,
          minmay_the_grid_square_5x5_two_walls_b], layout_loops_corners,
          serial_undead, serial_undead_a, serial_undead_d, serial_undead_e,
          serial_undead_d, serial_undead_b, serial_undead_c, basic_altar,
          nrook_mini_backslash, nrook_pool_corridor, hangedman_decor_slide_cut,
          uniq_urug
D:12:     layout_loops_ring, serial_shops, nicolae_shop_statue_plus,
          nzn_ghost_randoct
Temple:   minmay_temple_curvy_loop
Lair:1:   minmay_guarded_unrand_snakebite, layout_big_grid, nzn_random_ring
Lair:2:   layout_regular_city, minmay_snake_entry_guardpost_small,
          serial_rivers, chequers_serial_rivers_micro_b,
          chequers_serial_rivers_large_b, chequers_serial_rivers_micro_d,
          chequers_serial_rivers_micro_d, chequers_serial_rivers_micro_b,
          grunt_megastairs_5
Lair:3:   layout_cave_pods, nicolae_volcano_entry_two_sided, st_stairs_12,
          grunt_megastairs_4
Volcano:  volcano_grotto [vgs_dualism]

Skill      XL: |  1  2  3  4  5  6  7  8  9 10 11 12 13 |
---------------+----------------------------------------+-----
Spellcasting   | 5 6 7 8 9 10 | 10.0
Fighting       | 1 2 3 4 5 6 7 8 |  8.7
Short Blades   | 1 2 3 4 5 6 7 8 |  8.7
Long Blades    | 1 2 3 4 5 6 7 8 |  8.7
Axes           | 1 2 3 4 5 6 7 8 |  8.7
Maces & Flails | 1 2 3 4 5 6 7 8 |  8.7
Polearms       | 1 2 3 4 5 6 7 8 |  8.7
Staves         | 1 2 3 4 5 6 7 8 |  8.7
Slings         | 1 2 3 4 5 6 7 8 |  8.7
Bows           | 1 2 3 4 5 6 7 8 |  8.7
Crossbows      | 1 2 3 4 5 6 7 8 |  8.7
Throwing       | 1 2 3 4 5 6 7 8 |  8.7
Armour         | 1 2 3 4 5 6 7 8 |  8.7
Shields        | 1 2 3 4 5 6 7 8 |  8.7
Unarmed Combat | 1 2 3 4 5 6 7 8 |  8.7
Invocations    | 1 2 3 4 5 6 7 8 9 |  9.5
Evocations     | 1 2 3 4 5 6 7 8 |  8.7
Conjurations   | 1 2 3 4 5 6 7 |  7.2
Hexes          | 1 2 3 4 5 6 7 |  7.2
Summonings     | 1 2 3 4 5 6 7 |  7.2
Necromancy     | 1 2 3 4 5 6 7 |  7.2
Translocations | 1 2 3 4 5 6 7 |  7.2
Transmutations | 1 2 3 4 5 6 7 |  7.2
Fire Magic     | 1 2 3 4 5 6 7 |  7.2
Air Magic      | 1 2 3 4 5 6 7 |  7.2
Earth Magic    | 1 2 3 4 5 6 7 |  7.2
Poison Magic   | 1 2 3 4 5 6 7 |  7.2
Dodging        | 5 6 7 8 9 |  9.8
Stealth        | 5 6 7 8 9 |  9.7
Ice Magic      | 8 9 10 | 10.2

Action                   |  1- 3 |  4- 6 |  7- 9 | 10-12 | 13-15 || total
-------------------------+-------+-------+-------+-------+-------++-------
Melee: Unarmed           |     5 |       |       |       |       ||     5
       Short sword       |    34 |    19 |       |       |       ||    53
       Bite              |     6 |     3 |     5 |    42 |    20 ||    76
       Spear             |       |    18 |       |       |       ||    18
       Punch             |       |     1 |       |       |       ||     1
       Scythe            |       |    29 |    72 |   303 |       ||   404
       Halberd           |       |       |    77 |       |       ||    77
       Demon trident     |       |       |       |   222 |   223 ||   445
Throw: Dart              |       |    14 |    14 |    17 |       ||    45
       Boomerang         |       |       |    24 |    52 |    42 ||   118
 Cast: Freeze            |    24 |    14 |     1 |       |       ||    39
       Frozen Ramparts   |       |     6 |    21 |    39 |    14 ||    80
       Ozocubu's Armour  |       |     1 |    10 |    18 |     9 ||    38
       Summon Ice Beast  |       |       |       |     2 |       ||     2
  Use: Scroll            |       |     6 |     6 |    13 |     7 ||    32
       Potion            |       |       |       |     1 |     1 ||     2
 Stab: Sleeping          |     5 |     5 |     8 |    28 |     9 ||    55
       Paralysed         |       |       |       |    26 |    12 ||    38
       Distracted        |       |       |       |     3 |       ||     3
Armor: Robe              |    12 |    13 |    20 |       |       ||    45
       Steam dragon scal |       |       |    16 |   200 |    14 ||   230
       Skin              |       |       |       |       |    38 ||    38
Dodge: Dodged            |    58 |    56 |   114 |   494 |    95 ||   817
Block: Kite shield       |       |       |       |    73 |    84 ||   157
